 Dungeon Crawl Stone Soup version 0.14-a0-2374-ge879b5e (webtiles) character file.

371 Mitsuki the Ruinous (level 5, -15/42 HPs)
             Began as a Djinni Conjurer on Jan 31, 2014.
             Demolished by a mummy (20 damage)
             ... in an ossuary on Feb 1, 2014.
             The game lasted 00:12:11 (4198 turns).

Mitsuki the Ruinous (Djinni Conjurer)               Turns: 4198, Time: 00:12:11

HP -15/42        AC  4     Str  8      XL: 5   Next: 89%
MP   0/0         EV 17     Int 16      God:
Gold 119         SH  0     Dex 19      Spells:  2 memorised,  5 levels left

rFire  + + +     SeeInvis .     (no weapon)
rCold  x . .     Clarity  .     a - +0 robe
rNeg   + + +     Conserve .     (no shield)
rPois  .         rCorr    .     r - +0 helmet
rElec  .         rRot     .     (no cloak)
SustAb . .       Spirit   .     q - +0 pair of gloves (curse)
rMut   .         Warding  .     (boots unavailable)
Saprov . . .     Stasis   .     (no amulet)
MR     .....                    (no ring)
                                (no ring)

@: agile, flying, slightly contaminated, glowing, not resistant to hostile
enchantments, unstealthy
A: fire immunity, cold vulnerability, life protection 3
a: no special abilities


You were in an ossuary.
You were not hungry.

You visited 1 branch of the dungeon, and saw 4 of its levels.
You also visited: Ossuary.

You collected 119 gold pieces.

Inventory:

Armour
 a - a +0 robe (worn)
 q - a cursed +0 pair of gloves (worn)
 r - a +0 helmet (worn)
Scrolls
 d - a scroll of curse armour {unknown}
 e - 9 scrolls of identify {unknown}
 g - a scroll of immolation {unknown}
 i - 3 scrolls of recharging {unknown}
 j - 2 scrolls of teleportation {unknown}
 k - 2 scrolls of magic mapping {unknown}
 l - a scroll of curse weapon {unknown}
 m - a scroll of fear {unknown}
 n - 2 scrolls of fog {unknown}
 o - 3 scrolls of remove curse {unknown}
 p - a scroll of random uselessness {unknown}
Jewellery
 h - a cursed ring of sustain abilities {unknown}
Books
 c - a book of Conjurations

   Spells                             Type                      Level
   *Magic Dart                        Conjuration                  1
   Searing Ray                        Conjuration                  2
   Dazzling Spray                     Conjuration/Hexes            3
   Iskenderun's Mystic Blast          Conjuration                  4
   *Iskenderun's Battlesphere         Conjuration/Charms           4
   Fulminant Prism                    Conjuration/Hexes            5


   Skills:
 - Level 1.7 Dodging
 - Level 1.5 Stealth
 + Level 3.2 Spellcasting
 + Level 7.6 Conjurations


You had 5 spell levels left.
You knew the following spells:

 Your Spells              Type           Power        Failure   Level  Hunger
a - Magic Dart            Conj           ####         2%          1    None
b - Iskenderun's Battles  Conj/Chrm      ##......     90%         4    ####...


Dungeon Overview and Level Annotations

Branches:
Dungeon (4/16)
 Temple: D:4-7

Altars:
Ashenzari
Cheibriados
Makhleb
Nemelex Xobeh
Yredelemnul
Zin


Innate Abilities, Weirdness & Mutations

You are immune to all types of fire, even holy and hellish.
You are vulnerable to cold.
You need no food.
You have no legs.
You are immune to negative energy.


Message History

Aiming: Magic Dart
Press: ? - help, Shift-Dir - straight line, f - mummy
Aim: a mummy The magic dart hits the mummy.
The mummy is lightly damaged.
Unknown command.
Unknown command.
Unknown command.
Unknown command.
You hit the mummy but do no damage.
The mummy is lightly damaged.
You hit the mummy but do no damage.
The mummy is lightly damaged.
The mummy misses you.
You closely miss the mummy.
The mummy is lightly damaged.
You hit the mummy but do no damage.
The mummy is lightly damaged.
The mummy hits you!
You die...

..................
..................#
z..........##.....#
...........##.....#
..................#
....z..z.....zzzz.#
.#####.......zz####
............zMz#??#
..z∩........zzzM@?#
###################


You could see 2 mummies, a rat zombie, a jackal zombie, 2 hound zombies, a
kobold zombie, a big kobold zombie and 5 elf zombies.

Vanquished Creatures
  A hound (D:2)
  An orc wizard (D:3)
  A worker ant (D:4)
  A mummy (D:4)
  5 adders
  4 gnolls
  A giant mite (D:1)
  3 giant geckos
  An ooze (D:3)
  13 orcs
  3 ball pythons
  3 giant cockroaches
  A goblin (D:2)
  8 hobgoblins
  A quokka (D:3)
  10 bats
  3 giant newts
  4 kobolds
  7 rats
71 creatures vanquished.

Notes
Turn   | Place    | Note
--------------------------------------------------------------
     0 | D:1      | Mitsuki, the Djinni Conjurer, began the quest for the Orb.
     0 | D:1      | Reached XP level 1. HP: 14/14 MP: 0/0
    15 | D:1      | Reached XP level 2. EP: 3/22
   210 | D:1      | Reached skill level 5 in Conjurations
   798 | D:1      | Reached XP level 3. EP: 19/27
  1277 | D:2      | Found a burning altar of Makhleb.
  1319 | D:2      | Reached skill level 6 in Conjurations
  1486 | D:2      | Reached XP level 4. EP: 15/35
  1624 | D:2      | Found a shattered altar of Ashenzari.
  1852 | D:2      | Found a glowing silver altar of Zin.
  1852 | D:2      | Noticed an angel
  2185 | D:3      | Found a sparkling altar of Nemelex Xobeh.
  2732 | D:3      | Reached skill level 7 in Conjurations
  2732 | D:3      | Reached XP level 5. EP: 12/40
  2838 | D:3      | Learned a level 4 spell: Iskenderun's Battlesphere
  3291 | D:2      | Upgraded the game from 0.14-a0-2359-g1e808ab to 0.14-a0-2374-ge879b5e
  3945 | D:4      | Found a basalt altar of Yredelemnul.
  3946 | D:4      | Found a snail-covered altar of Cheibriados.
  3964 | D:4      | Noticed an ogre
  4095 | D:4      | Found a sand-covered staircase.
  4151 | Ossuary  | Entered an ossuary
  4170 | Ossuary  | Paralysed by a potion of paralysis for 4 turns
  4173 | Ossuary  | HP: 2/42 [hound zombie (1)]
  4198 | Ossuary  | Demolished by a mummy

Action                   |  1- 3 |  4- 6 || total
-------------------------+-------+-------++-------
Melee: Unarmed           |     1 |     4 ||     5
 Cast: Magic Dart        |    46 |   106 ||   152
       Iskenderun's Batt |       |     6 ||     6
  Use: Potion            |       |     8 ||     8
